 Dungeon Crawl Stone Soup version 0.19-a0-376-gf780d9b (webtiles) character file.

195460 Kidiri the Scorcher (level 18, -5/118 HPs)
             Began as a Deep Elf Fire Elementalist on May 30, 2016.
             Was the Champion of Vehumet.
             Killed from afar by a crystal guardian (56 damage)
             ... with a crystal bolt
             ... on level 3 of the Abyss on May 31, 2016.
             The game lasted 04:33:24 (50122 turns).

Kidiri the Scorcher (Deep Elf Fire Elementalist)   Turns: 50122, Time: 04:33:24

Health: -5/118     AC: 16    Str:  5    XL:     18   Next: 12%
Magic:  30/35      EV: 22    Int: 36    God:    Vehumet [******]
Gold:   2577       SH:  6    Dex: 23    Spells: 11 memorised, 8 levels left

rFire  + . .     SeeInvis +     I - +12 dagger of Ceuc {pierce, rPois SInv Stlth-}
rCold  . . .     Gourm    .     U - +3 robe "Juokell" {rN+ Int+4 Dex+4}
rNeg   + . .     Faith    .     m - +0 buckler
rPois  +         Spirit   .     (helmet restricted)
rElec  .         Dismiss  .     j - +1 cloak
rCorr  .         Reflect  .     Y - +2 pair of gloves
SustAt .         Harm     .     r - +2 pair of boots
MR     ++...     Clarity  +     A - amulet of magic regeneration
Stlth  ++........               u - ring of wizardry
                                E - +3 ring of intelligence

@: delayed fireball, repel missiles, very resistant to hostile enchantments,
unstealthy
A: claws 1, horns 1, thin skeletal structure 1, yellow scales 1, agile 1,
clarity, deterioration 1, fire resistance 1, low mp 1, magic resistance 1, sense
surroundings 1, robust 1, screaming 1, sturdy frame 1
a: Renounce Religion, Release Delayed Fireball


You were on level 3 of the Abyss.
You worshipped Vehumet.
Vehumet was exalted by your worship.
You were very hungry.

You visited 6 branches of the dungeon, and saw 32 of its levels.
You visited the Abyss 1 time.
You also visited: Ice Cave and Volcano.

You collected 3267 gold pieces.
You spent 690 gold pieces at shops.

Inventory:

Hand Weapons
 I - the +12 dagger of Ceuc (weapon) {pierce, rPois SInv Stlth-}
   (You found it on level 15 of the Dungeon)

   It inflicts extra damage upon your enemies.
   It protects you from poison.
   It lets you see invisible.
   It makes you less stealthy.
Armour
 d - a +2 helmet
 j - a +1 cloak (worn)
 m - a +0 buckler (worn)
 r - a +2 pair of boots (worn)
 y - a cursed +0 pair of boots
 U - the +3 robe "Juokell" (worn) {rN+ Int+4 Dex+4}
   (You found it on level 3 of the Spider Nest)

   It affects your intelligence (+4).
   It affects your dexterity (+4).
   It protects you from negative energy.
 Y - a +2 pair of gloves (worn)
Jewellery
 b - a +3 ring of dexterity
 h - an uncursed ring of fire
 u - a ring of wizardry (right hand)
 A - an amulet of magic regeneration (around neck)
 E - a +3 ring of intelligence (left hand)
Wands
 k - a wand of polymorph (16/24)
 o - a wand of heal wounds (7/9)
 H - a wand of teleportation (8/9)
Scrolls
 a - 2 scrolls of torment
 e - 2 scrolls of recharging
 n - 8 scrolls of remove curse
 q - a scroll of silence
 w - 2 scrolls of noise
 B - 8 scrolls of teleportation
 C - a scroll of amnesia
 F - 5 scrolls of fog
 L - a scroll of magic mapping
Potions
 f - 3 potions of curing
 g - 5 potions of haste
 i - 7 potions of brilliance
 l - 2 potions of might
 p - 4 potions of resistance
 s - a potion of lignification
 x - 6 potions of flight
 K - a potion of cancellation
 M - 4 potions of berserk rage
 V - a potion of agility
Books
 t - a book of Annihilations

   Spells                             Type                      Level
   a - Poison Arrow                   Conjuration/Poison           6
   b - Chain Lightning                Conjuration/Air              8
   c - Lehudib's Crystal Spear        Conjuration/Earth            8
   d - Glaciate                       Conjuration/Ice              9
   e - Fire Storm                     Conjuration/Fire             9
Comestibles
 c - 10 bread rations
 z - a slice of pizza


   Skills:
 + Level 10.4 Fighting
 - Level 8.1 Short Blades
 - Level 7.5 Armour
 - Level 11.0 Dodging
 - Level 2.4 Stealth
 + Level 2.4 Shields
 + Level 15.6 Spellcasting
 + Level 13.3 Conjurations
 * Level 16.4 Fire Magic
 * Level 12.6 Air Magic
 - Level 9.8 Evocations


You had 8 spell levels left.
You knew the following spells:

 Your Spells              Type           Power        Failure   Level  Hunger
a - Throw Flame           Conj/Fire      ######       0%          2    None
b - Conjure Flame         Conj/Fire      #######.     0%          3    None
c - Inner Flame           Hex/Fire       ######..     1%          3    None
d - Sticky Flame          Conj/Fire      #######.     1%          4    None
e - Fireball              Conj/Fire      #######...   1%          5    None
f - Bolt of Fire          Conj/Fire      #######...   1%          6    None
g - Delayed Fireball      Conj/Fire      N/A          1%          7    ####...
h - Ignite Poison         Fire/Tmut/Pois ######..     1%          3    None
i - Ring of Flames        Chrm/Fire      ######....   22%         7    ####...
j - Mephitic Cloud        Conj/Pois/Air  ######..     1%          3    None
k - Repel Missiles        Chrm/Air       ######       1%          2    None


Dungeon Overview and Level Annotations

Branches:
Dungeon (15/15)            Temple (1/1) D:4            Lair (8/8) D:8
 Shoals (2/4) Lair:6       Spider (4/4) Lair:5        Slime (0/6) Lair:7
    Orc (2/2) D:12            Elf (0/3) Orc:2        Vaults (0/5) D:13
 Depths (0/5) D:15

Altars:
Ashenzari
Cheibriados
Dithmenos
Elyvilon
Fedhas
Gozag
Hepliaklqana
Kikubaaqudgha
Makhleb
Nemelex Xobeh
Okawaru
Pakellas
Qazlal
Ru
Sif Muna
Trog
Ukayaw
Vehumet
Xom
Yredelemnul
Zin
The Shining One
Beogh

Shops:
D:10 :?%:   D:15 (   Orc:1 (%   Orc:2 *(?%

Annotations:
Shoals:2 Louise


Innate Abilities, Weirdness & Mutations

You have sharp fingernails.
You have a pair of small horns on your head.
You have a somewhat thin skeletal structure. (Dex +2, Stealth)
You are partially covered in yellow scales. (AC +2)
You are agile. (Dex +2)
You possess an exceptional clarity of mind.
Your body sometimes deteriorates upon taking damage.
Your flesh is heat resistant. (rF+)
Your magical capacity is low. (-10% MP)
You are resistant to hostile enchantments. (MR+)
You passively map a small area around you.
You are robust. (+10% HP)
You occasionally shout uncontrollably at your foes.
Your movements are slightly less encumbered by armour. (ER -2)


Message History

The crystal guardian fires a crystalline bolt at you.
The crystal bolt burns you! You resist.
A great orb of eyes and a guardian serpent come into view.
You shout at the great orb of eyes!
Casting: Conjure Flame
Confirm with . or Enter, or press ? or * to list all spells.
Aiming: Fireball
Press: ? - help, Shift-Dir - straight line
Okay, then.
Unknown command.
You shout at the guardian serpent! 2 great orbs of eyes and a guardian serpent come into view.
The great orb of eyes turns its gaze towards you. x2
Something shouts, "Leave, thou puking fen-sucked clack-dish!"
The guardian serpent moves out of view.
The great orb of eyes gazes at you. You resist with almost no effort.
The crystal guardian fires a crystalline bolt at you.
The crystal bolt misses you. The crystal bolt freezes you!
You die...

. . .. # . ##.# .#+++#.
#. ##.####.... .G....G #
#...## ..# ...8S.. #
#..... ###### ....... #
...##..#.####8..φ...
#.#.W..##....#.#........
........####.#..#....G..
.#.# ...#.. #§.#@#
###♣≈♣###########.# ≈≈≈≈
... # ≈≈≈≈ ##.∩. ≈≈≈ ≈
##[# .≈ .. .. #


You could see 3 great orbs of eyes, 2 crystal guardians and a guardian serpent.

Vanquished Creatures
  Frances (D:14)
  2 tentacled starspawn (Abyss:3)
  Kirke (Lair:6)
  The ghost of tsouns the Unseen, an adept OpAs of Hepliaklqana (Spider:3)
  A frost giant (IceCv)
  2 ghost moths
  6 emperor scorpions
  A deep elf demonologist (Abyss:3)
  4 spark wasps (Spider:4)
  Snorg (Lair:6)
  A merfolk impaler (Shoals:1)
  4 vault guards (D:13)
  2 entropy weavers
  A yaktaur captain (D:15)
  Fannar (Lair:1)
  2 death knights
  A hydra (Lair:7)
  2 centaur warriors (D:15)
  A merfolk aquamancer (Shoals:1)
  21 death yaks
  3 orc high priests (Orc:2)
  Urug (D:14)
  7 skeletal warriors
  5 large abominations (Abyss:3)
  A sea snake (Shoals:1)
  A spectral emperor scorpion (Spider:4)
  An unseen horror (D:15)
  A salamander mystic (Volcano)
  3 death scarabs (Spider:4)
  A giant orange brain (Abyss:3)
  Pikel (D:6)
  A phantasmal warrior (D:13)
  14 orb spiders
  10 hill giants
  A spectral wolf spider (Spider:4)
  6 orc knights (Orc:2)
  5 orc sorcerers
  A deep elf mage (D:13)
  3 ugly things
  10 hornets
  3 manticores
  6 griffons
  4 cyclopes
  34 wolf spiders
  5 salamanders (Volcano)
  7 moths of wrath
  3 sirens (Shoals:1)
  Joseph (D:10)
  12 elephants
  2 centaur zombies
  2 ice statues (IceCv)
  Maurice (D:9)
  A guardian serpent (Lair:8)
  14 spiny frogs
  A water nymph (Shoals:1)
  11 black mambas
  5 komodo dragons
  2 spectral redbacks (Spider:4)
  A kobold demonologist (D:11)
  6 torpor snails
  5 rime drakes
  A yaktaur (D:15)
  2 redback zombies (Spider:4)
  16 demonic crawlers
  2 freezing wraiths
  21 polar bears
  An ancient zyme (Abyss:3)
  3 merfolk (Shoals:1)
  5 trolls
  4 two-headed ogres
  33 jumping spiders
  A spectral tarantella (Spider:4)
  8 slime creatures
  10 raiju
  4 spectral jumping spiders (Spider:4)
  2 boulder beetles
  2 wind drakes
  4 sky beasts
  18 blink frogs
  4 snapping turtles
  65 redbacks
  A shadow (D:15)
  A wraith (D:11)
  4 water elementals (Shoals:1)
  76 yaks
  Sigmund (D:3)
  7 wyverns
  23 tarantellas
  5 hogs
  3 fire bats (Lair:7)
  A human (D:12)
  4 basilisks
  16 hippogriffs
  4 vampire mosquitoes (D:15)
  Menkaure (D:6)
  3 hungry ghosts
  7 wargs
  2 mottled dragons
  2 soldier ants
  A neqoxec (Abyss:3)
  Edmund (D:5)
  5 hell hounds (Lair:8)
  25 water moccasins
  12 porcupines
  A hornet simulacrum (D:15)
  3 ice beasts
  29 orc warriors
  4 wasps
  3 eyes of draining
  20 ogres
  14 black bears
  5 phantoms
  31 wolves
  11 centaurs
  22 crocodiles
  5 big kobolds
  20 giant frogs
  2 wyvern skeletons
  A water moccasin zombie (D:8)
  2 scorpions
  2 water moccasin skeletons
  11 killer bees
  7 wights
  4 electric eels
  2 howler monkeys
  A wasp zombie (D:11)
  7 crimson imps
  A quasit (D:12)
  A giant frog zombie (D:7)
  4 jellies
  Crazy Yiuf (D:3)
  2 giant frog skeletons (D:13)
  2 gnoll shamans (D:7)
  24 orc priests
  18 hounds
  12 iguanas
  An iron imp (D:8)
  5 centaur skeletons
  Natasha (thrice) (D:3)
  46 orc wizards
  13 worker ants
  13 sheep
  2 hound skeletons
  A worker ant zombie (D:8)
  16 gnolls
  A howler monkey skeleton (D:6)
  15 adders
  117 river rats
  3 shadow imps
  3 oozes
  2 adder skeletons
  3 worms
  A dart slug (D:4)
  5 giant geckos
  81 orcs
  2 ball pythons (D:2)
  8 giant cockroaches
  2 gnoll zombies (D:3)
  5 goblins
  8 hobgoblins
  18 jackals
  6 quokkas
  7 bats
  2 giant newts
  A jackal skeleton (D:7)
  21 kobolds
  7 rats
  A fungus (Lair:8)
  12 plants
  3 starspawn tentacles (Abyss:3)
1375 creatures vanquished.

Vanquished Creatures (others)
  A demonic crawler (Spider:4)
  Eustachio (D:6)
  A human (Lair:6)
  2 slaves (D:6)
  A small abomination (Abyss:3)
  An orc priest (Orc:2)
  A river rat (Lair:6)
  2 orcs (D:6)
  63 fungi
  70 plants
  4 starspawn tentacles (Abyss:3)
  9 starspawn tentacle segments (Abyss:3)
156 creatures vanquished.

Grand Total: 1531 creatures vanquished

Notes
Turn   | Place    | Note
--------------------------------------------------------------
     0 | D:1      | Kidiri the Deep Elf Fire Elementalist began the quest for the Orb.
     0 | D:1      | Reached XP level 1. HP: 10/10 MP: 6/6
   374 | D:1      | Reached XP level 2. HP: 15/15 MP: 2/8
   380 | D:1      | Learned a level 2 spell: Throw Flame
   917 | D:1      | Reached XP level 3. HP: 19/19 MP: 6/10
   922 | D:1      | Learned a level 3 spell: Conjure Flame
   926 | D:1      | Learned a level 3 spell: Inner Flame
  1237 | D:1      | Reached skill level 4 in Fire Magic
  1500 | D:2      | Noticed Sigmund
  1509 | D:2      | Gained mutation: Your magical capacity is low. (-10% MP) [potion of mutation]
  1509 | D:2      | Gained mutation: Your natural rate of healing is unusually fast. [potion of mutation]
  1509 | D:2      | Gained mutation: You expend magic power (3 MP) to strengthen your wands. [potion of mutation]
  2021 | D:2      | Reached XP level 4. HP: 24/24 MP: 6/11
  2342 | D:3      | Noticed Natasha
  2349 | D:3      | Killed Natasha
  2470 | D:3      | Noticed Natasha
  2477 | D:3      | Killed Natasha
  2609 | D:3      | Reached XP level 5. HP: 28/28 MP: 2/12
  2627 | D:3      | Learned a level 4 spell: Sticky Flame
  2638 | D:3      | Noticed Natasha
  2642 | D:3      | Killed Natasha
  2642 | D:3      | Reached skill level 5 in Fire Magic
  2934 | D:3      | Found an iron altar of Okawaru.
  3043 | D:3      | Killed Sigmund
  3043 | D:3      | Reached skill level 5 in Spellcasting
  3043 | D:3      | Reached XP level 6. HP: 32/32 MP: 6/14
  3054 | D:3      | Found a basalt altar of Yredelemnul.
  3480 | D:3      | Noticed Crazy Yiuf
  3490 | D:3      | Killed Crazy Yiuf
  3809 | D:4      | Found a staircase to the Ecumenical Temple.
  3820 | Temple   | Entered the Ecumenical Temple
  3885 | D:4      | Found an ancient bone altar of Kikubaaqudgha.
  3896 | D:4      | Reached skill level 6 in Fire Magic
  3942 | D:4      | Found a radiant altar of Vehumet.
  3957 | D:4      | Became a worshipper of Vehumet
  4335 | D:4      | Found a blossoming altar of Fedhas.
  4827 | D:4      | Reached XP level 7. HP: 27/36 MP: 7/15
  5007 | D:4      | Reached skill level 1 in Short Blades
  5019 | D:5      | Entered Level 5 of the Dungeon
  5023 | D:5      | Got a faintly glowing robe
  5034 | D:5      | Identified the +1 robe of the Earth {*Drain rF+ Dex+7} (You found it on level 5 of the Dungeon)
  5050 | D:5      | Reached skill level 1 in Evocations
  5113 | D:5      | Reached skill level 1 in Armour
  5635 | D:5      | Noticed Edmund
  5648 | D:5      | Killed Edmund
  5711 | D:5      | Learned a level 5 spell: Fireball
  5773 | D:5      | Reached * piety under Vehumet
  5773 | D:5      | Offered knowledge of Magic Dart by Vehumet.
  5773 | D:5      | Reached skill level 7 in Fire Magic
  5786 | D:5      | Reached skill level 1 in Fighting
  5924 | D:5      | Reached XP level 8. HP: 43/43 MP: 13/17
  6481 | D:6      | Noticed Pikel
  6542 | D:6      | Noticed Eustachio
  6561 | D:6      | Found a glowing golden altar of the Shining One.
  6569 | D:6      | Noticed Menkaure
  7007 | D:6      | Killed Pikel
  7007 | D:6      | Reached skill level 5 in Conjurations
  7007 | D:6      | Reached skill level 8 in Fire Magic
  7007 | D:6      | Reached XP level 9. HP: 17/48 MP: 10/19
  7047 | D:6      | Killed Eustachio
  7183 | D:6      | Reached ** piety under Vehumet
  7183 | D:6      | Offered knowledge of Sting by Vehumet.
  7457 | D:6      | Found a hide-covered altar to Ukayaw.
  7602 | D:6      | Killed Menkaure
  7820 | D:6      | Gained mutation: You possess an exceptional clarity of mind. [mutagenic meat]
  7821 | D:6      | Gained mutation: Your flesh is heat resistant. (rF+) [mutagenic meat]
  7822 | D:6      | Gained mutation: Your magical capacity is very low. (-20% MP) [mutagenic meat]
  7824 | D:6      | Gained mutation: You have sharp fingernails. [mutagenic meat]
  8284 | D:7      | Reached skill level 9 in Fire Magic
  8441 | D:7      | Reached skill level 5 in Dodging
  8684 | D:7      | Reached XP level 10. HP: 55/55 MP: 19/19
  8688 | D:7      | Gained mutation: You are robust. (+10% HP) [mutagenic meat]
  8689 | D:7      | Gained mutation: You are agile. (Dex +2) [mutagenic meat]
  8690 | D:7      | Gained mutation: Your magical capacity is extremely low. (-30% MP) [mutagenic meat]
  8782 | D:7      | Offered knowledge of Ignite Poison by Vehumet.
  8787 | D:7      | Learned a level 3 spell: Ignite Poison
  9794 | D:7      | Reached *** piety under Vehumet
 10136 | D:8      | Offered knowledge of Fulminant Prism by Vehumet.
 10228 | D:8      | Reached skill level 5 in Evocations
 10439 | D:8      | Reached skill level 5 in Short Blades
 10854 | D:8      | Noticed a cyclops
 10863 | D:8      | Killed a cyclops
 11038 | D:8      | Found a staircase to the Lair.
 11299 | D:8      | Found a snail-covered altar of Cheibriados.
 11512 | D:8      | Reached XP level 11. HP: 67/67 MP: 6/18
 11773 | Lair:1   | Entered Level 1 of the Lair of Beasts
 11773 | Lair:1   | Noticed Fannar
 11812 | D:9      | Reached **** piety under Vehumet
 11841 | D:9      | Reached skill level 10 in Fire Magic
 12065 | D:9      | Offered knowledge of Iskenderun's Battlesphere by Vehumet.
 12263 | D:9      | Noticed Maurice
 12279 | D:9      | Killed Maurice
 12586 | D:9      | Found an opulent altar of Gozag.
 12587 | D:9      | Found a glowing silver altar of Zin.
 12752 | D:9      | Learned a level 5 spell: Iskenderun's Battlesphere
 12795 | D:9      | Lost mutation: You are robust. (+10% HP) [mutagenic meat]
 12797 | D:9      | Gained mutation: You have a somewhat thin skeletal structure. (Dex +2, Stealth) [mutagenic meat]
 12800 | D:9      | Lost mutation: Your magical capacity is extremely low. (-30% MP) [mutagenic meat]
 13110 | D:9      | Found a sacrificial altar of Ru.
 13195 | D:9      | Reached ***** piety under Vehumet
 13559 | D:9      | Offered knowledge of Spellforged Servitor by Vehumet.
 13829 | D:10     | Entered Level 10 of the Dungeon
 13857 | D:10     | Learned a level 7 spell: Delayed Fireball
 14088 | D:10     | Noticed Joseph
 14239 | D:10     | Noticed a hill giant
 14247 | D:10     | Killed a hill giant
 14248 | D:10     | Found Etuokaj's Armour Shoppe.
 14262 | D:10     | Found Qiwk's Magic Scroll Boutique.
 14271 | D:10     | Bought a scroll of enchant weapon for 127 gold pieces
 14271 | D:10     | Bought a scroll of identify for 34 gold pieces
 14271 | D:10     | Bought a scroll of blinking for 127 gold pieces
 14271 | D:10     | Bought a scroll of identify for 34 gold pieces
 14271 | D:10     | Bought a scroll of teleportation for 51 gold pieces
 14271 | D:10     | Bought a scroll of teleportation for 51 gold pieces
 14279 | D:10     | Found Aryal's Food Boutique.
 14303 | D:10     | Found Den Samn's Book Shoppe.
 14443 | D:10     | Killed Joseph
 14443 | D:10     | Reached skill level 5 in Fighting
 14522 | D:10     | Found an oddly glowing altar of Pakellas.
 14573 | D:10     | Found Waxiuzxi's Book Boutique.
 14932 | D:11     | Noticed a skeletal warrior
 14959 | D:11     | Killed a skeletal warrior
 15066 | D:11     | Noticed a death knight
 15296 | Lair:1   | Killed Fannar
 15296 | Lair:1   | Reached skill level 11 in Fire Magic
 15394 | Lair:1   | Reached XP level 12. HP: 59/68 MP: 20/22
 16561 | Lair:2   | Reached skill level 5 in Armour
 17816 | Lair:3   | Reached skill level 10 in Spellcasting
 18389 | Lair:3   | Offered knowledge of Bolt of Cold by Vehumet.
 19354 | Lair:4   | Noticed a death yak
 19360 | Lair:4   | Noticed a death yak
 19373 | Lair:4   | Killed a death yak
 19386 | Lair:4   | Killed a death yak
 19443 | Lair:4   | Reached skill level 12 in Fire Magic
 20407 | Lair:5   | Reached XP level 13. HP: 52/74 MP: 24/24
 20469 | Lair:5   | Learned a level 6 spell: Bolt of Fire
 20469 | Lair:5   | Gained mutation: You evolve. [potion of mutation]
 20470 | Lair:5   | Gained mutation: Your movements are slightly less encumbered by armour. (ER -2) [potion of mutation]
 20470 | Lair:5   | Lost mutation: Your magical capacity is very low. (-20% MP) [potion of mutation]
 20876 | Lair:5   | Found a hole to the Spider Nest.
 21344 | Lair:6   | Noticed Snorg
 21358 | Lair:6   | Killed Snorg
 21403 | Lair:6   | Found a frozen archway.
 21418 | IceCv    | Entered an ice cave
 22330 | IceCv    | Lost mutation: Your magical capacity is low. (-10% MP) [evolution]
 22573 | IceCv    | Noticed a frost giant
 22574 | IceCv    | Offered knowledge of Iron Shot by Vehumet.
 22581 | IceCv    | Killed a frost giant
 23088 | Lair:6   | Reached skill level 13 in Fire Magic
 23244 | Lair:6   | Found a staircase to the Shoals.
 23281 | Lair:6   | Noticed Kirke
 23294 | Lair:6   | Killed Kirke
 24006 | Lair:6   | Gained mutation: Your flesh is very heat resistant. (rF++) [potion of beneficial mutation]
 24474 | Lair:7   | Found a dark tunnel.
 24486 | Volcano  | Entered a volcano
 24681 | Volcano  | Reached XP level 14. HP: 41/80 MP: 25/31
 25535 | Lair:7   | Learned a level 3 spell: Mephitic Cloud
 25729 | Lair:7   | Found a staircase to the Slime Pits.
 25999 | Lair:7   | Reached skill level 1 in Air Magic
 26107 | Lair:7   | Reached skill level 10 in Conjurations
 26885 | Lair:8   | Entered Level 8 of the Lair of Beasts
 27407 | D:11     | Reached skill level 10 in Dodging
 29154 | D:12     | Found a staircase to the Orcish Mines.
 29249 | D:12     | Reached ****** piety under Vehumet
 29266 | D:12     | Found a roughly hewn altar of Beogh.
 29374 | D:12     | Offered knowledge of Orb of Destruction by Vehumet.
 30134 | D:13     | Reached skill level 14 in Fire Magic
 30316 | D:13     | Found a gate to the Vaults.
 30336 | D:13     | Reached XP level 15. HP: 60/88 MP: 3/33
 30359 | D:13     | You fall through a shaft for 2 floors!
 30359 | D:15     | Entered Level 15 of the Dungeon
 30764 | D:13     | Reached skill level 5 in Air Magic
 31837 | Orc:1    | Entered Level 1 of the Orcish Mines
 32041 | Orc:1    | Offered knowledge of Poisonous Cloud by Vehumet.
 32426 | Orc:1    | Found a roughly hewn altar of Beogh.
 32676 | Orc:2    | Entered Level 2 of the Orcish Mines
 32676 | Orc:2    | Found a staircase to the Elven Halls.
 33225 | Orc:1    | Found Juysiodd's Antique Weapon Shoppe.
 33247 | Orc:1    | Found Hen Gide's Food Shop.
 33541 | Orc:1    | Bought an encrusted dagger for 224 gold pieces
 33541 | Orc:1    | Identified the +1 dagger "Killer Bee's Death" {pierce, rC++ MP+9 Str+6} (You bought it in a shop on level 1 of the Orcish Mines)
 34435 | Orc:2    | Found Itrutoba's Antique Weapon Shoppe.
 34435 | Orc:2    | Found Ampyonul's General Store.
 34440 | Orc:2    | Found Usmitocw's Magic Scroll Shop.
 34440 | Orc:2    | Found Fili Moe's Food Shoppe.
 34452 | Orc:2    | Bought a scroll of amnesia for 42 gold pieces
 34461 | Orc:2    | Learned a level 7 spell: Ring of Flames
 34634 | Orc:2    | Lost mutation: You expend magic power (3 MP) to strengthen your wands. [evolution]
 34681 | D:14     | Noticed Urug
 34687 | D:14     | Noticed Frances
 34692 | D:14     | Killed Urug
 34702 | D:14     | Offered knowledge of Freezing Cloud by Vehumet.
 34734 | D:14     | Killed Frances
 36462 | Lair:8   | Got a slimy scimitar
 36463 | Lair:8   | Identified the +8 scimitar "Raisin" {holy, *Contam rN+ Int+3 Dex+2} (You found it on level 8 of the Lair of Beasts)
 36540 | Lair:8   | Offered knowledge of Conjure Ball Lightning by Vehumet.
 37162 | Lair:8   | Reached XP level 16. HP: 74/94 MP: 19/35
 37332 | Lair:8   | Gained mutation: You are weak. (Str -2) [mutagenic glow]
 37907 | Lair:8   | Offered knowledge of Fire Storm by Vehumet.
 37907 | Lair:8   | Offered knowledge of Glaciate by Vehumet.
 37907 | Lair:8   | Offered knowledge of Tornado by Vehumet.
 37918 | Lair:8   | Gained mutation: You are very weak. (Str -4) [mutagenic meat]
 38975 | D:15     | Got a pair of crude gloves
 38986 | D:15     | Identified the -2 pair of gloves of Analysis {Slay+3} (You found it on level 15 of the Dungeon)
 39654 | D:15     | Reached skill level 15 in Fire Magic
 39699 | D:15     | Found Kiboib's Weapon Boutique.
 39748 | D:15     | Got a bloodstained dagger
 39749 | D:15     | Identified the +12 dagger of Ceuc {pierce, rPois SInv Stlth-} (You found it on level 15 of the Dungeon)
 39998 | D:15     | Found a staircase to the Depths.
 40508 | Spider:1 | Entered Level 1 of the Spider Nest
 40624 | Spider:1 | Learned a level 2 spell: Repel Missiles
 41053 | Spider:1 | Got a transparent short sword
 41054 | Spider:1 | Identified the +9 short sword "Gopnu" {speed, *Noise +Fly MR++ Str+2} (You found it on level 1 of the Spider Nest)
 41127 | Spider:1 | Reached skill level 10 in Air Magic
 42010 | Spider:1 | Gained mutation: You passively map a small area around you. [evolution]
 42551 | Spider:2 | Identified the Papyrus of Confrontation
 43034 | Spider:3 | Got a creamy pearl robe
 43045 | Spider:3 | Identified the +3 robe "Juokell" {rN+ Int+4 Dex+4} (You found it on level 3 of the Spider Nest)
 43178 | Spider:3 | Lost mutation: You are very weak. (Str -4) [mutagenic meat]
 43179 | Spider:3 | Lost mutation: You are weak. (Str -2) [mutagenic meat]
 43256 | Spider:3 | Reached XP level 17. HP: 70/100 MP: 27/37
 44188 | Spider:3 | Noticed tsouns's ghost (adept OpAs)
 44194 | Spider:3 | Killed tsouns's ghost
 45029 | Spider:4 | Entered Level 4 of the Spider Nest
 45912 | Spider:4 | Reached skill level 10 in Fighting
 46289 | Spider:4 | Reached skill level 15 in Spellcasting
 46995 | Spider:4 | Lost mutation: Your flesh is very heat resistant. (rF++) [evolution]
 46995 | Spider:4 | Lost mutation: You evolve. [end of evolution]
 47327 | Spider:4 | Reached skill level 1 in Shields
 47329 | Spider:4 | Reached skill level 16 in Fire Magic
 48340 | Shoals:1 | Entered Level 1 of the Shoals
 49031 | Shoals:1 | Lost mutation: Your natural rate of healing is unusually fast. [potion of mutation]
 49031 | Shoals:1 | Gained mutation: You have a pair of small horns on your head. [potion of mutation]
 49032 | Shoals:1 | Gained mutation: You are partially covered in yellow scales. (AC +2) [potion of mutation]
 49032 | Shoals:1 | Gained mutation: Your magical capacity is low. (-10% MP) [potion of mutation]
 49524 | Shoals:2 | Noticed Louise
 49527 | Shoals:2 | Cast into level 3 of the Abyss (Louise)
 49527 | Abyss:3  | Found a corrupted altar of Lugonu.
 49531 | Abyss:3  | Found a corrupted altar of Lugonu.
 49534 | Abyss:3  | Gained mutation: You are resistant to hostile enchantments. (MR+) [potion of beneficial mutation]
 49535 | Abyss:3  | Gained mutation: You are robust. (+10% HP) [potion of beneficial mutation]
 49577 | Abyss:3  | Noticed a hellephant
 49644 | Abyss:3  | Reached XP level 18. HP: 60/118 MP: 25/35
 49702 | Abyss:3  | Identified a +0 rod of clouds (9/9) (You found it on level 3 of the Abyss)
 49709 | Abyss:3  | Noticed an Ice Fiend
 49711 | Abyss:3  | Gained mutation: You occasionally shout uncontrollably at your foes. [a neqoxec]
 49752 | Abyss:3  | Noticed a bone dragon
 49867 | Abyss:3  | Gained mutation: Your body sometimes deteriorates upon taking damage. [a neqoxec]
 49985 | Abyss:3  | Found a bloodstained altar of Trog.
 50122 | Abyss:3  | Killed from afar by a crystal guardian

Vault maps used:
D:1:      minmay_arrival_widening_spiral_narrow
D:2:      first_bread, grunt_ministairs_3, uniq_sigmund
D:3:      lemuel_zombie_altar_yredelemnul, okawaru_metal_pillars_3,
          uniq_crazy_yiuf_cottage, uniq_natasha
D:4:      nicolae_overflow_crystal_walls, fedhas_altar_fruit_tree,
          minmay_temple_entry_junction2, vehumet_altar_wand_db
D:5:      minmay_misc_feat_roman, minmay_misc_feat_tiny, uniq_edmund
D:6:      kennysheep_mini_moat, kennysheep_diamond, serial_bayou_ford_a,
          minivault_26, uniq_eustachio, uniq_menkaure, uniq_pikel
D:7:      kennysheep_seaside_town
D:8:      slow_altar_2, minmay_lair_entry_grove
D:9:      grunt_temple_overflow_gold_and_silver, nicolae_ru_awakened_eye,
          uniq_maurice
D:10:     basic_altar, serial_shops, kennysheep_little_box,
          nicolae_shop_behind_doors, shop_scrolls, shop, shop, uniq_joseph
D:12:     minmay_orc_entry_temple_small, grunt_livestock
D:13:     lightli_vaults_fourway_checkpoint, pond
D:14:     hangedman_decor_growths, uniq_urug, uniq_frances
D:15:     grunt_enter_depths_snipers, serial_shops, nicolae_shop_trees,
          minmay_misc_feat_rugged, lemuel_nasty_fountain
Temple:   nicolae_temple_no_exploring_needed
Lair:1:   serial_bayou_shore_b, lemuel_fruit_fields, uniq_fannar
Lair:2:   st_stairs_5
Lair:4:   grunt_megastairs_1
Lair:5:   spider_nest_entry_funnel_web, infiniplex_staircase_pool_2
Lair:6:   minmay_shoals_entry_hut, portal_ice_cave_rime, st_stairs_6,
          hangedman_lair_unloving_vines, uniq_kirke, uniq_snorg
Lair:7:   minmay_slime_entry_pillars, nicolae_volcano_entry_batcave
Lair:8:   hangedman_lair_caniforms_friends, hangedman_lair_tendril_chambers
Shoals:2: nicolae_shoals_island_circles, uniq_louise, uniq_polyphemus
Spider:4: floodkiller_spider_rune_tomb
Orc:1:    nicolae_orc_accident_2, serial_shops, nicolae_shop_behind_doors,
          shop_fountains
Orc:2:    grunt_orc_tribal_feast
Abyss:3:  hangedman_abyss_sting, nicolae_abyss_rune_star_stuff,
          evilmike_abyss_exit_9, hangedman_abyss_overflow_altar
IceCv:    ice_cave_small_giant
Volcano:  volcano_pools

Skill      XL: |  1  2  3  4  5  6  7  8  9 10 11 12 13 14 15 16 17 |
---------------+----------------------------------------------------+-----
Fire Magic     | 4 5 6 7 8 9 11 12 13 14 15 16 | 16.4
Spellcasting   | 4 5 6 7 8 9 10 11 12 13 14 15 | 15.6
Conjurations   | 2 3 4 5 7 8 9 10 11 12 13 | 13.3
Short Blades   | 2 3 4 5 6 7 8 |  8.1
Evocations     | 1 3 4 5 6 7 8 9 |  9.8
Armour         | 1 2 3 4 5 6 7 |  7.5
Dodging        | 3 4 5 6 7 8 9 10 11 | 11.0
Fighting       | 1 2 4 5 6 7 8 9 10 | 10.4
Air Magic      | 4 8 10 12 | 12.6
Shields        | 2 |  2.4
Stealth        | |  2.4

Action                   |  1- 3 |  4- 6 |  7- 9 | 10-12 | 13-15 | 16-18 || total
-------------------------+-------+-------+-------+-------+-------+-------++-------
Melee: Short sword       |     7 |     5 |       |       |       |       ||    12
       Dagger            |       |     4 |    83 |   355 |   845 |   219 ||  1506
       Scimitar          |       |       |       |       |    38 |   150 ||   188
       Headbutt          |       |       |       |       |       |     1 ||     1
 Cast: Flame Tongue      |    46 |    72 |   125 |   335 |       |       ||   578
       Throw Flame       |    17 |    37 |    47 |   123 |   395 |   375 ||   994
       Conjure Flame     |     1 |     2 |     6 |    10 |    12 |     5 ||    36
       Sticky Flame      |       |     1 |    14 |    87 |   115 |    96 ||   313
       Inner Flame       |       |     1 |     2 |     4 |     2 |     2 ||    11
       Fireball          |       |       |     3 |    38 |    80 |    40 ||   161
       Ignite Poison     |       |       |       |     4 |     3 |       ||     7
       Delayed Fireball  |       |       |       |     2 |     4 |     1 ||     7
       Iskenderun's Batt |       |       |       |     1 |     5 |       ||     6
       Bolt of Fire      |       |       |       |       |   153 |   262 ||   415
       Mephitic Cloud    |       |       |       |       |       |     1 ||     1
       Repel Missiles    |       |       |       |       |       |     1 ||     1
 Abil: Release Delayed F |       |       |       |     1 |     4 |       ||     5
Evoke: Wand              |       |       |       |       |     5 |     5 ||    10
       Staff of energy   |       |       |       |       |     1 |       ||     1
  Use: Scroll            |     4 |     1 |    14 |    22 |    20 |    13 ||    74
       Potion            |     4 |       |     4 |     2 |    10 |     9 ||    29
 Stab: Sleeping          |     1 |       |     3 |     9 |    10 |     3 ||    26
       Invisible         |       |       |       |       |     2 |       ||     2
       Distracted        |       |       |       |       |     3 |       ||     3
  Eat: Chunk             |     4 |     8 |    13 |    30 |    41 |    26 ||   122
       Fruit             |       |     1 |       |    11 |       |       ||    12
       Beef jerky        |       |       |     5 |     1 |     4 |     1 ||    11
       Pizza             |       |       |       |     3 |    10 |     2 ||    15
       Meat ration       |       |       |       |     1 |     3 |       ||     4
       Bread ration      |       |       |       |     1 |     2 |     2 ||     5
       Royal jelly       |       |       |       |       |     1 |    12 ||    13
Armor: Robe              |    10 |     5 |    36 |    53 |   155 |   225 ||   484
Dodge: Dodged            |    40 |    20 |    83 |   297 |   984 |   789 ||  2213
       Deflected         |       |       |       |       |       |     2 ||     2
Block: Buckler           |       |       |       |       |       |    34 ||    34
